 Dungeon Crawl Stone Soup version 0.31.0-32-g396128a36d (webtiles) character file.

Game seed: 1097940757398090861

5899 AdnanSaban the Basher (level 10, -12/63 HPs)
             Began as a Gargoyle Fighter on Apr 11, 2024.
             Was an Elder of Okawaru.
             Killed from afar by an arcanist (19 damage)
             ... with a bolt of cold
             ... on level 9 of the Dungeon.
             The game lasted 00:15:05 (8885 turns).

AdnanSaban the Basher (Gargoyle Fighter)            Turns: 8885, Time: 00:15:05

Health: -12/63     AC: 22    Str: 31    XL:     10   Next: 82%
Magic:  14/14      EV:  9    Int:  8    God:    Okawaru [****..]
Gold:   428        SH:  9    Dex:  9    Spells: 9/9 levels left

rFire   . . .        K - +2 whip (flame)
rCold   + . .        M - +0 kite shield
rNeg    + . .        L - +0 chain mail
rPois   ∞            (no helmet)
rElec   +            N - +1 cloak
rCorr   .            j - +1 pair of gloves
SInv    .            (no boots)
Will    .....        (no amulet) Stlth
                     s - +6 ring of strength
HPRegen 0.30/turn    a - ring of protection from cold
MPRegen 0.14/turn

%: no passive effects
@: fragile (+50% incoming damage)
A: sickness immunity, AC +7, negative energy resistance 1, electricity
resistance, torment resistance 1, petrification resistance
a: Renounce Religion, Heroism, Finesse


You were on level 9 of the Dungeon.
You worshipped Okawaru.
Okawaru was greatly pleased with you.
You visited 2 branches of the dungeon, and saw 10 of its levels.
You also visited: Sewer.

You collected 428 gold pieces.

Inventory:

Hand Weapons
 x - a +2 whip of holy wrath
 K - a +2 whip of flaming (weapon)
Missiles
 b - a throwing net
 q - 2 atropa-tipped darts
 r - a boomerang
 y - 26 poisoned darts (quivered)
 z - 7 datura-tipped darts
 D - 2 curare-tipped darts
Armour
 j - a +1 pair of gloves (worn)
 L - a +0 chain mail (worn)
 M - a +0 kite shield (worn)
 N - a +1 cloak (worn)
Jewellery
 a - a ring of protection from cold (right hand)
 l - a ring of fire
 s - a +6 ring of strength (left hand)
Wands
 u - a wand of flame (19)
 A - a wand of polymorph (12)
 E - a wand of iceblast (10)
 J - a wand of quicksilver (4)
Scrolls
 c - a scroll of silence {unknown}
 h - 2 scrolls of poison {unknown}
 k - 2 scrolls of amnesia {unknown}
 m - 8 scrolls of identify {unknown}
 n - 2 scrolls of fog {unknown}
 p - 3 scrolls of fear {unknown}
 w - a scroll of blinking {unknown}
 B - a scroll of enchant weapon {unknown}
 C - 2 scrolls of revelation {unknown}
 H - 3 scrolls of immolation {unknown}
Potions
 d - a potion of might
 e - a potion of experience {unknown}
 f - 3 potions of ambrosia {unknown}
 g - 2 potions of curing {unknown}
 i - 5 potions of heal wounds {unknown}
 o - a potion of berserk rage {unknown}
 t - 4 potions of magic {unknown}
 v - a potion of invisibility {unknown}
 F - 2 potions of brilliance {unknown}
 G - a potion of attraction {unknown}


   Skills:
 + Level 7.4 Fighting
 + Level 9.4 Maces & Flails
 + Level 1.7 Throwing
 + Level 7.4 Armour
 + Level 4.1 Dodging
 + Level 2.3 Stealth
 + Level 6.6 Shields
 * Level 5.9 Invocations


You had 9 spell levels left.
You didn't know any spells.
Your spell library was empty.

Dungeon Overview and Level Annotations

Branches:
Dungeon (9/15)             Temple (1/1) D:6            Lair (0/5) D:8
  Sewer (visited)
    Orc: D:9-12

Altars:
Ashenzari
Cheibriados
Dithmenos
Elyvilon
Fedhas
Hepliaklqana
Kikubaaqudgha
Makhleb
Okawaru
Qazlal
Ru
Sif Muna
Trog
Uskayaw
Vehumet
Wu Jian
Xom
Yredelemnul
Zin
The Shining One

Shops:
D:5 [

Annotations:
D:3 1 runed translucent door, Crazy Yiuf


Innate Abilities, Weirdness & Mutations

You are immune to sickness and miasma.
Your stone body is resilient. (AC +7)
You are immune to poison.
You resist negative energy. (rN+)
You are resistant to electric shocks. (rElec)
You are resistant to unholy torment.
You are immune to petrification.


Message History

The arcanist is heavily wounded.
The arcanist gestures at you while chanting.
The bolt of cold hits you. You resist.
You closely miss the arcanist.
The arcanist is heavily wounded.
The arcanist gestures at you while chanting.
The bolt of cold hits you! You resist.
You whack the arcanist! You burn the arcanist.
The arcanist is severely wounded.
You block the arcanist's attack.
You closely miss the arcanist.
The arcanist is severely wounded.
The arcanist hits you but does no damage.
You miss the arcanist.
The arcanist is severely wounded.
The arcanist gestures at you while chanting.
The bolt of cold hits you. You resist.
You barely miss the arcanist.
The arcanist is severely wounded.
The arcanist hits you but does no damage.
You hit the arcanist. You burn the arcanist.
The arcanist is severely wounded.
The arcanist hits you but does no damage.
The arcanist casts a spell at you. The lance of force hits you.
You stop descending the stairs.
You are knocked back by the lance of force.
You slam into the rock wall!
* * * LOW HITPOINT WARNING * * *
The arcanist casts a spell at you. You resist with significant effort.
The arcanist points at you and mumbles some strange words.
The bolt of cold hits you! You resist.
* * * LOW HITPOINT WARNING * * *
The arcanist attacks as it pursues you! You block the arcanist's attack.
The arcanist hits you but does no damage.
The arcanist casts a spell at you.
Your body becomes as fragile as glass!
The arcanist casts a spell at you. The bolt of cold hits you! You resist.
You die...

# #.####.........# #. # #.#
##.######## ## # #.# #.# #
#.# #.# ##### #.# #.# ....#
#.# #.# #...# #.#
#.##########
#.#.######.#####.##.......#
#.......##.....>@.p......>#
##
....###....##....##O......##
#. .####
#.#####.#####........#####.
## ##÷# #.# #o.............
#..# #.# #.......#.####.
#..#####.# ###........#.###.
##........#
#.........###.###
#..######.# #>######.##
##... #..######.# #.#
##.###.###


You could see a two-headed ogre and an arcanist (fast).

Vanquished Creatures
  A two-headed ogre (D:8)
  Pikel (D:7)
  Prince Ribbit (D:8)
  A shadow (D:9)
  6 yaks (D:9)
  3 steam dragons
  2 water moccasins (D:8)
  3 black bears
  2 ogres
  3 ice beasts
  A centaur (D:7)
  5 kobold brigands (Sewer)
  2 phantoms
  A bullfrog (D:6)
  A brain worm (Sewer)
  A scorpion (D:7)
  2 gnoll sergeants
  5 wights (D:7)
  5 killer bees
  3 howler monkeys (D:9)
  5 crimson imps (D:8)
  A jelly (D:5)
  3 hounds
  3 iguanas
  5 orc wizards
  12 adders
  13 gnolls
  A shadow imp (D:7)
  3 ribbon worms
  5 dart slugs
  13 orcs
  9 bats
  10 endoplasms
  2 giant cockroaches
  4 goblins
  6 hobgoblins
  5 jackals (D:4)
  9 quokkas
  11 ball pythons
  4 frilled lizards
  23 kobolds
  9 rats
205 creatures vanquished.

Notes
Turn   | Place    | Note
-------+----------+-------------------------------------------
     0 | D:1      | AdnanSaban the Gargoyle Fighter began the quest for the
                  | Orb.
     0 | D:1      | Reached XP level 1. HP: 14/14 MP: 1/1
    89 | D:1      | You fall into a shaft and drop 1 floor!
   190 | D:2      | Reached XP level 2. HP: 18/19 MP: 2/2
   207 | D:2      | Found a white marble altar of Elyvilon.
   257 | D:2      | Reached XP level 3. HP: 20/24 MP: 3/3
   632 | D:1      | Reached XP level 4. HP: 24/29 MP: 4/4
  1338 | D:3      | Reached skill level 3 in Maces & Flails
  1441 | D:3      | Found a glowing silver altar of Zin.
  1627 | D:3      | Reached XP level 5. HP: 33/33 MP: 5/5
  1792 | D:3      | Found a runed translucent door.
  1793 | D:3      | Noticed Crazy Yiuf
  1811 | D:3      | Reached skill level 1 in Dodging
  2376 | D:4      | Found a faded altar of an unknown god.
  2376 | D:4      | Found a hide-covered altar of Uskayaw.
  2384 | D:4      | Found a sacrificial altar of Ru.
  2386 | D:4      | Found a faded altar of an unknown god.
  2388 | D:4      | Found a bloodstained altar of Trog.
  2593 | D:4      | Noticed a phantom
  2604 | D:4      | Killed a phantom
  2605 | D:4      | Reached skill level 4 in Maces & Flails
  2605 | D:4      | Reached XP level 6. HP: 34/38 MP: 6/6
  2622 | D:4      | Found a shimmering blue altar of Sif Muna.
  3064 | D:5      | Entered Level 5 of the Dungeon
  3085 | D:5      | Noticed a black bear
  3168 | D:5      | Noticed a black bear
  3303 | D:5      | Found Naxtin's Antique Armour Shop.
  3304 | D:5      | Noticed an ice beast
  3324 | D:5      | Killed an ice beast
  3342 | D:5      | Reached XP level 7. HP: 44/44 MP: 7/7
  3346 | D:5      | Found a white marble altar of Elyvilon.
  3418 | D:5      | Reached skill level 5 in Maces & Flails
  3429 | D:5      | Found a glowing drain.
  3433 | Sewer    | Entered a sewer
  3798 | Sewer    | Reached skill level 5 in Armour
  4101 | Sewer    | Reached XP level 8. HP: 38/48 MP: 8/8
  4179 | Sewer    | Reached skill level 6 in Maces & Flails
  4355 | D:5      | Reached skill level 5 in Fighting
  4355 | D:5      | Reached skill level 5 in Shields
  4595 | D:5      | Reached skill level 1 in Stealth
  4766 | D:5      | Found a basalt altar of Yredelemnul.
  5064 | D:6      | Reached skill level 7 in Maces & Flails
  5140 | D:6      | Found a staircase to the Ecumenical Temple.
  5186 | Temple   | Entered the Ecumenical Temple
  5541 | D:6      | Found an iron altar of Okawaru.
  5582 | D:6      | Became a worshipper of Warmaster Okawaru
  5634 | D:7      | Noticed Pikel
  5665 | D:7      | Killed Pikel
  5665 | D:7      | Reached * piety under Okawaru
  5666 | D:7      | Reached XP level 9. HP: 48/55 MP: 9/9
  5842 | D:7      | Reached skill level 8 in Maces & Flails
  5842 | D:7      | Reached skill level 1 in Throwing
  5842 | D:7      | Reached skill level 1 in Invocations
  6125 | D:7      | Reached ** piety under Okawaru
  6627 | D:8      | Noticed a two-headed ogre
  6980 | D:8      | Noticed Prince Ribbit
  7000 | D:8      | Killed Prince Ribbit
  7001 | D:8      | Reached XP level 10. HP: 22/61 MP: 12/12
  7220 | D:8      | Found a burning altar of Makhleb.
  7220 | D:8      | Found a radiant altar of Vehumet.
  7311 | D:8      | Reached *** piety under Okawaru
  7656 | D:9      | Reached skill level 9 in Maces & Flails
  7676 | D:9      | Reached skill level 5 in Invocations
  7906 | D:9      | Noticed an arcanist
  7933 | D:8      | Killed a two-headed ogre
  7933 | D:8      | Reached **** piety under Okawaru
  8206 | D:8      | Found a staircase to the Lair.
  8480 | D:8      | Found a shimmering altar of Xom.
  8545 | D:8      | Found a broken altar of Ashenzari.
  8848 | D:9      | Noticed a two-headed ogre
  8885 | D:9      | Killed from afar by an arcanist

Illustrated notes

Levels and vault maps discovered:
D:1:      spicycebolla_arrival_ecumenical, layout_loops_cross
D:2:      layout_rooms, basic_altar
D:3:      layout_basic, zin_academy, st_stairs_4,
          chequers_serial_rivers_micro_b, uniq_crazy_yiuf_cottage
D:4:      layout_basic, lemuel_round_altar, chequers_temple_overflow_minitemple,
          corner_web_ring
D:5:      layout_rooms, marbit_many_paths, mainiacjoe_overflow_paths,
          mainiacjoe_sewer_entry_somewhere_in_here_2, serial_shops,
          nicolae_shop_just_a_little_nook, roderic_cross_of_infinity
D:6:      kennysheep_steamy, layout_cave_pools, okawaru_gym_becter,
          minmay_temple_entry_mini_moons
D:7:      layout_basic, uniq_pikel
D:8:      layout_loops_ring, grunt_temple_overflow_lords_of_destruction,
          mainiacjoe_overflow_six_doors_small, led_xom_imps, lair_entry_dummy,
          uniq_prince_ribbit1
D:9:      layout_loops_ring, minmay_pinched_square
Temple:   nicolae_temple_bog_church

Skill      XL: |  1  2  3  4  5  6  7  8  9 10 |
---------------+-------------------------------+-----
Maces & Flails | 3 4 5 7 8 9 |  9.4
Armour         | 4 5 6 7 |  7.4
Dodging        | 1 2 3 4 |  4.1
Fighting       | 4 5 6 7 |  7.4
Shields        | 4 5 6 |  6.6
Stealth        | 1 2 |  2.3
Throwing       | 1 |  1.7
Invocations    | 3 5 |  5.9

Action                     |  1- 3 |  4- 6 |  7- 9 | 10-12 || total
---------------------------+-------+-------+-------+-------++-------
  Melee: Flail             |   118 |   207 |       |       ||   325
         Whip              |       |    33 |   538 |   260 ||   831
  Throw: Dart              |       |     2 |     9 |    12 ||    23
 Invoke: Heroism           |       |       |       |     1 ||     1
 Armour: Scale mail        |   105 |   213 |   200 |       ||   518
         Chain mail        |       |       |    84 |   147 ||   231
  Dodge: Dodged            |    89 |   100 |   196 |    76 ||   461
  Block: Buckler           |    44 |    58 |    92 |    12 ||   206
         Kite shield       |       |       |       |    71 ||    71
